 Dungeon Crawl Stone Soup version 0.22-a0-160-gcc81d7a (webtiles) character file.

4943 Gorice the Covered (level 10, -2/76 HPs)
             Began as a Gnoll Wanderer on Feb 10, 2018.
             Was a Priest of Cheibriados.
             Slain by a swamp worm (5 damage)
             ... on level 1 of the Lair of Beasts.
             The game lasted 00:41:03 (9535 turns).

Gorice the Covered (Gnoll Wanderer)                 Turns: 9535, Time: 00:41:04

Health: -2/76      AC: 19    Str: 26    XL:     10   Next: 52%
Magic:  17/17      EV: 11    Int: 20    God:    Cheibriados [***...]
Gold:   504        SH:  7    Dex: 26    Spells: 19/19 levels left

rFire    . . .     SeeInvis .   b - +1 hand crossbow
rCold    . . .     Gourm    .   B - +0 buckler
rNeg     . . .     Faith    .   G - +0 plate armour
rPois    .         Spirit   .   r - +2 hat
rElec    .         Reflect  .   t - scarf {repulsion}
rCorr    +         Harm     .   m - +1 pair of gloves
MR       .....                  y - +1 pair of boots
Stlth    ..........             (no amulet)
HPRegen  0.22/turn              u - +4 ring of strength
MPRegen  0.15/turn              C - ring of resist corrosion

@: repel missiles, very slow
A: distributed training, fangs 1, strong nose
a: Bend Time, Temporal Distortion, Renounce Religion


You were on level 1 of the Lair of Beasts.
You worshipped Cheibriados.
Cheibriados was most pleased with you.
You were not hungry.

You visited 3 branches of the dungeon, and saw 10 of its levels.

You collected 504 gold pieces.

Inventory:

Hand Weapons
 a - a +2 war axe of chopping
   (You took it off an orc on level 7 of the Dungeon)
 b - a +1 hand crossbow (weapon)
 i - a +0 flail of holy wrath
   (You took it off Edmund on level 5 of the Dungeon)
 D - a +1 antimagic short sword
   (You took it off a kobold on level 2 of the Dungeon)
 E - a +0 great sword
 J - a +0 glaive
 K - a +0 scimitar
Missiles
 d - 83 bolts (quivered)
 e - 7 needles of sleeping
 k - 7 needles of paralysis
 Y - 254 stones
 Z - 2 throwing nets
Armour
 m - a +1 pair of gloves (worn)
 p - a +1 chain mail of magic resistance
   (You took it off an orc on level 6 of the Dungeon)
 r - a +2 hat (worn)
 t - a scarf of repulsion (worn)
   (You found it on level 3 of the Dungeon)
 y - a +1 pair of boots (worn)
 B - a +0 buckler (worn)
 G - a +0 plate armour (worn)
Jewellery
 c - an uncursed ring of ice
 u - a +4 ring of strength (left hand)
 C - a ring of resist corrosion (right hand)
Wands
 g - a wand of random effects (75)
 w - a wand of acid (8)
 A - a wand of polymorph (20)
Scrolls
 j - 6 scrolls of remove curse
 l - 2 scrolls of enchant armour
 v - a scroll of fog
 M - a scroll of magic mapping {unknown}
Potions
 h - 6 potions of flight
 n - 4 potions of brilliance {!q}
 o - a potion of curing
 q - a potion of might {!q}
 s - a potion of cancellation {!q}
 H - a potion of mutation {!q}
 I - 2 potions of ambrosia
 L - a potion of heal wounds {unknown}
 O - a potion of lignification {unknown}
Books
 x - a book of Minor Magic
 F - a book of Flames
Comestibles
 f - 18 rations
 z - 6 chunks of flesh


   Skills:
 + Level 5.9 Fighting
 + Level 5.2 Short Blades
 + Level 5.2 Long Blades
 + Level 5.2 Axes
 + Level 5.2 Maces & Flails
 + Level 5.2 Polearms
 + Level 5.2 Staves
 + Level 5.2 Slings
 + Level 5.2 Bows
 + Level 7.0 Crossbows
 + Level 5.2 Throwing
 + Level 7.0 Armour
 + Level 5.2 Dodging
 + Level 5.2 Stealth
 + Level 5.9 Shields
 + Level 5.2 Unarmed Combat
 + Level 5.2 Spellcasting
 + Level 4.3 Conjurations
 + Level 4.3 Hexes
 + Level 4.3 Charms
 + Level 4.3 Summonings
 + Level 4.9 Necromancy
 + Level 4.3 Translocations
 + Level 4.3 Transmutations
 + Level 5.8 Fire Magic
 + Level 4.3 Ice Magic
 + Level 4.3 Air Magic
 + Level 4.3 Earth Magic
 + Level 4.3 Poison Magic
 + Level 5.8 Invocations
 + Level 5.9 Evocations


You had 19 spell levels left.
You didn't know any spells.

Dungeon Overview and Level Annotations

Branches:
Dungeon (8/15)             Temple (1/1) D:6            Lair (1/6) D:8

Altars:
Ashenzari
Cheibriados
Dithmenos
Elyvilon
Fedhas
Gozag
Hepliaklqana
Kikubaaqudgha
Makhleb
Nemelex Xobeh
Okawaru
Qazlal
Ru
Sif Muna
Trog
Uskayaw
Vehumet
Xom
Yredelemnul
Zin
The Shining One

Shops:
D:7 (

Annotations:
D:6 rlgrobin's ghost, novice DsMo


Innate Abilities, Weirdness & Mutations

Your experience applies equally to all skills.
You have very sharp teeth.
Your uncanny sense of smell can sniff out nearby items.


Message History

The swamp worm bites you!
Damage: 14 (max 14)
The swamp worm bites you! The swamp worm bites you.
The swamp worm bites you but does no damage.
The swamp worm bites you.
Damage: 11 (max 14)
The swamp worm bites you but does no damage.
The swamp worm closely misses you.
The swamp worm bites you. x2; You block the swamp worm's attack.
The swamp worm bites you but does no damage.
Damage: 9 (max 14)
The swamp worm bites you but does no damage.
The swamp worm bites you!
* * * LOW HITPOINT WARNING * * *
Damage: 11 (max 14)
The swamp worm bites you.
* * * LOW HITPOINT WARNING * * *
Damage: 6 (max 14)
The swamp worm bites the plant!
The swamp worm bites you!
* * * LOW HITPOINT WARNING * * *
The swamp worm bites you but does no damage.
Damage: 11 (max 14)
You block the swamp worm's attack. The swamp worm bites you.
* * * LOW HITPOINT WARNING * * *
Damage: 4 (max 14) Unknown command.
Unknown command.
Unknown command.
Evoke which item? (* to show all) (? for menu, Esc to quit)
You open the lid... ...and a larval weirdsting beast leaps out!
The now-empty box falls apart.
The swamp worm bites you but does no damage. x2
You feel better.
The swamp worm bites you but does no damage.
The swamp worm bites you!
* * * LOW HITPOINT WARNING * * *
Your larval weirdsting beast hits the swamp worm.
Your larval weirdsting beast barely misses the swamp worm.
Your larval weirdsting beast stings the swamp worm but does no damage.
You block the swamp worm's attack.
Damage: 9 (max 14) Unknown command.
Unknown command.
You swap places.
The swamp worm bites your larval weirdsting beast!!
Your larval weirdsting beast dies!
Your larval weirdsting beast's corpse disappears in a puff of smoke!
The swamp worm bites you.
You die...

...#............#
.#...######...#.##
....## ##..#..# ##..#
##..#.## #.# #.....# .#
#..##.## # ##..##..###
###.)....##.#
###........@§.###
##.#...≈≈≈≈≈≈ww..# #.
##.#..≈≈≈≈≈≈≈≈≈≈≈.##
...#....≈≈≈#######≈≈≈.#
#....#P.≈≈##≈≈≈≈≈#≈≈≈##
.##P#...≈≈#?≈≈≈≈≈≈P≈≈##
# #.#.≈≈##≈≈≈≈≈#P≈≈P#
##...≈≈≈#######≈≈≈##
#..#.P≈≈≈≈≈≈≈≈≈≈≈##


You could see 2 swamp worms.

Vanquished Creatures
  A cyclops (D:7)
  A spiny frog (Lair:1)
  A hippogriff (D:7)
  Sigmund (D:6)
  4 hogs (D:7)
  A human (D:7)
  Edmund (D:5)
  A water moccasin (D:7)
  4 orc warriors
  A sky beast (D:8)
  2 ice beasts (D:8)
  4 ogres
  3 phantoms
  A centaur (D:6)
  5 bullfrogs
  A wyvern zombie (D:8)
  A water moccasin skeleton (D:8)
  4 scorpions
  A howler monkey (D:4)
  4 crimson imps
  2 bullfrog zombies (D:7)
  2 quasits
  2 hounds
  A jelly (D:8)
  5 orc priests
  5 orc wizards
  A bullfrog skeleton (D:4)
  2 iguanas
  6 worker ants
  A hound skeleton (D:6)
  4 gnolls (D:3)
  12 adders
  An ooze (D:6)
  An adder zombie (D:7)
  12 worms
  A dart slug (D:1)
  5 leopard geckos
  23 orcs
  A ball python (D:3)
  12 giant cockroaches
  7 goblins
  9 hobgoblins
  11 jackals
  2 quokkas
  4 bats
  5 frilled lizards
  6 kobolds
  2 leopard gecko skeletons
  2 quokka zombies
  5 rats
  A plant (Lair:1)
195 creatures vanquished.

Vanquished Creatures (others)
  A plant (Lair:1)
1 creature vanquished.

Grand Total: 196 creatures vanquished

Notes
Turn   | Place    | Note
-------+----------+-------------------------------------------
     0 | D:1      | Gorice the Gnoll Wanderer began the quest for the Orb.
     0 | D:1      | Gorice set off with: a book of Flames, a +0 hand axe, a +0 hand crossbow, 22 bolts, a +0 robe, a ration
     0 | D:1      | Reached XP level 1. HP: 17/17 MP: 2/2
    72 | D:1      | Reached skill level 2 in Necromancy
    94 | D:1      | Reached XP level 2. HP: 18/23 MP: 3/3
   994 | D:2      | Reached XP level 3. HP: 28/28 MP: 4/4
  1087 | D:2      | HP: 8/28 [poisoned by an adder]
  1450 | D:2      | Reached skill level 1 in Invocations
  1673 | D:2      | You fall through a shaft for 2 floors!
  1746 | D:4      | Noticed a phantom
  1757 | D:4      | Reached skill level 1 in Short Blades
  1757 | D:4      | Reached skill level 1 in Long Blades
  1757 | D:4      | Reached skill level 1 in Axes
  1757 | D:4      | Reached skill level 1 in Maces & Flails
  1757 | D:4      | Reached skill level 1 in Polearms
  1757 | D:4      | Reached skill level 1 in Staves
  1757 | D:4      | Reached skill level 1 in Slings
  1757 | D:4      | Reached skill level 1 in Bows
  1757 | D:4      | Reached skill level 1 in Throwing
  1757 | D:4      | Reached skill level 1 in Dodging
  1757 | D:4      | Reached skill level 1 in Stealth
  1757 | D:4      | Reached skill level 1 in Unarmed Combat
  1757 | D:4      | Reached skill level 1 in Spellcasting
  1757 | D:4      | Reached XP level 4. HP: 22/34 MP: 4/6
  1773 | D:4      | HP: 10/34 [poisoned by an adder]
  1780 | D:4      | HP: 3/34 [phantom (4)]
  1787 | D:4      | Killed a phantom
  1787 | D:4      | Reached skill level 1 in Conjurations
  1787 | D:4      | Reached skill level 1 in Hexes
  1787 | D:4      | Reached skill level 1 in Charms
  1787 | D:4      | Reached skill level 1 in Summonings
  1787 | D:4      | Reached skill level 1 in Translocations
  1787 | D:4      | Reached skill level 1 in Transmutations
  1787 | D:4      | Reached skill level 1 in Ice Magic
  1787 | D:4      | Reached skill level 1 in Air Magic
  1787 | D:4      | Reached skill level 1 in Earth Magic
  1787 | D:4      | Reached skill level 1 in Poison Magic
  1787 | D:4      | Reached XP level 5. HP: 5/40 MP: 7/7
  2017 | D:4      | Reached skill level 3 in Fighting
  2017 | D:4      | Reached skill level 3 in Shields
  2017 | D:4      | Reached skill level 4 in Fire Magic
  2017 | D:4      | Reached skill level 3 in Evocations
  2278 | D:3      | Reached XP level 6. HP: 47/47 MP: 8/8
  2305 | D:3      | Reached skill level 2 in Invocations
  3598 | D:4      | Reached skill level 2 in Short Blades
  3598 | D:4      | Reached skill level 2 in Long Blades
  3598 | D:4      | Reached skill level 2 in Axes
  3598 | D:4      | Reached skill level 2 in Maces & Flails
  3598 | D:4      | Reached skill level 2 in Polearms
  3598 | D:4      | Reached skill level 2 in Staves
  3598 | D:4      | Reached skill level 2 in Slings
  3598 | D:4      | Reached skill level 2 in Bows
  3598 | D:4      | Reached skill level 5 in Crossbows
  3598 | D:4      | Reached skill level 2 in Throwing
  3598 | D:4      | Reached skill level 5 in Armour
  3598 | D:4      | Reached skill level 2 in Dodging
  3598 | D:4      | Reached skill level 2 in Stealth
  3598 | D:4      | Reached skill level 2 in Unarmed Combat
  3598 | D:4      | Reached skill level 2 in Spellcasting
  4198 | D:4      | Reached XP level 7. HP: 44/52 MP: 10/10
  4245 | D:5      | Entered Level 5 of the Dungeon
  4369 | D:5      | Reached skill level 2 in Conjurations
  4369 | D:5      | Reached skill level 2 in Hexes
  4369 | D:5      | Reached skill level 2 in Charms
  4369 | D:5      | Reached skill level 2 in Summonings
  4369 | D:5      | Reached skill level 2 in Translocations
  4369 | D:5      | Reached skill level 2 in Transmutations
  4369 | D:5      | Reached skill level 2 in Ice Magic
  4369 | D:5      | Reached skill level 2 in Air Magic
  4369 | D:5      | Reached skill level 2 in Earth Magic
  4369 | D:5      | Reached skill level 2 in Poison Magic
  4382 | D:5      | Reached skill level 3 in Necromancy
  4704 | D:6      | Noticed rlgrobin's ghost (novice DsMo)
  4735 | D:7      | Reached skill level 3 in Invocations
  4736 | D:7      | HP: 12/53 [ogre/giant club (8)]
  4743 | D:7      | Reached XP level 8. HP: 27/60 MP: 12/12
  4982 | D:6      | Reached skill level 4 in Fighting
  4982 | D:6      | Reached skill level 4 in Shields
  4982 | D:6      | Reached skill level 4 in Evocations
  5300 | D:6      | Noticed Edmund
  5321 | D:5      | Reached skill level 3 in Short Blades
  5321 | D:5      | Reached skill level 3 in Long Blades
  5321 | D:5      | Reached skill level 3 in Axes
  5321 | D:5      | Reached skill level 3 in Maces & Flails
  5321 | D:5      | Reached skill level 3 in Polearms
  5321 | D:5      | Reached skill level 3 in Staves
  5321 | D:5      | Reached skill level 3 in Slings
  5321 | D:5      | Reached skill level 3 in Bows
  5321 | D:5      | Reached skill level 3 in Throwing
  5321 | D:5      | Reached skill level 3 in Dodging
  5321 | D:5      | Reached skill level 3 in Stealth
  5321 | D:5      | Reached skill level 3 in Unarmed Combat
  5321 | D:5      | Reached skill level 3 in Spellcasting
  5329 | D:5      | Killed Edmund
  5491 | D:6      | Found a staircase to the Ecumenical Temple.
  5499 | Temple   | Entered the Ecumenical Temple
  5586 | Temple   | Became a worshipper of Cheibriados the Contemplative
  5633 | D:6      | Noticed Sigmund
  5638 | D:6      | Killed Sigmund
  6425 | D:6      | Reached skill level 3 in Conjurations
  6425 | D:6      | Reached skill level 3 in Hexes
  6425 | D:6      | Reached skill level 3 in Charms
  6425 | D:6      | Reached skill level 3 in Summonings
  6425 | D:6      | Reached skill level 3 in Translocations
  6425 | D:6      | Reached skill level 3 in Transmutations
  6425 | D:6      | Reached skill level 3 in Ice Magic
  6425 | D:6      | Reached skill level 3 in Air Magic
  6425 | D:6      | Reached skill level 3 in Earth Magic
  6425 | D:6      | Reached skill level 3 in Poison Magic
  6425 | D:6      | Reached skill level 4 in Invocations
  6660 | D:6      | Reached skill level 6 in Crossbows
  6660 | D:6      | Reached skill level 6 in Armour
  6660 | D:6      | Reached XP level 9. HP: 65/66 MP: 14/14
  6845 | D:6      | Found a blossoming altar of Fedhas.
  6862 | D:6      | Found a sparkling altar of Nemelex Xobeh.
  7061 | D:7      | Reached skill level 5 in Fire Magic
  7095 | D:7      | Reached * piety under Cheibriados
  7196 | D:7      | Reached skill level 4 in Short Blades
  7196 | D:7      | Reached skill level 4 in Long Blades
  7196 | D:7      | Reached skill level 4 in Axes
  7196 | D:7      | Reached skill level 4 in Maces & Flails
  7196 | D:7      | Reached skill level 4 in Polearms
  7196 | D:7      | Reached skill level 4 in Staves
  7196 | D:7      | Reached skill level 4 in Slings
  7196 | D:7      | Reached skill level 4 in Bows
  7196 | D:7      | Reached skill level 4 in Throwing
  7196 | D:7      | Reached skill level 4 in Dodging
  7196 | D:7      | Reached skill level 4 in Stealth
  7196 | D:7      | Reached skill level 4 in Unarmed Combat
  7196 | D:7      | Reached skill level 4 in Spellcasting
  7196 | D:7      | Reached skill level 4 in Necromancy
  7411 | D:7      | Found Exzefef's Weapon Shoppe.
  7543 | D:7      | Reached skill level 5 in Fighting
  7543 | D:7      | Reached skill level 5 in Shields
  7543 | D:7      | Reached skill level 5 in Evocations
  7824 | D:7      | Reached ** piety under Cheibriados
  7826 | D:7      | Reached skill level 5 in Invocations
  7830 | D:7      | Reached XP level 10. HP: 51/74 MP: 15/17
  7933 | D:7      | Noticed a cyclops
  7949 | D:7      | Killed a cyclops
  7949 | D:7      | Reached skill level 4 in Conjurations
  7949 | D:7      | Reached skill level 4 in Hexes
  7949 | D:7      | Reached skill level 4 in Charms
  7949 | D:7      | Reached skill level 4 in Summonings
  7949 | D:7      | Reached skill level 4 in Translocations
  7949 | D:7      | Reached skill level 4 in Transmutations
  7949 | D:7      | Reached skill level 4 in Ice Magic
  7949 | D:7      | Reached skill level 4 in Air Magic
  7949 | D:7      | Reached skill level 4 in Earth Magic
  7949 | D:7      | Reached skill level 4 in Poison Magic
  8464 | D:8      | Reached skill level 5 in Short Blades
  8464 | D:8      | Reached skill level 5 in Long Blades
  8464 | D:8      | Reached skill level 5 in Axes
  8464 | D:8      | Reached skill level 5 in Maces & Flails
  8464 | D:8      | Reached skill level 5 in Polearms
  8464 | D:8      | Reached skill level 5 in Staves
  8464 | D:8      | Reached skill level 5 in Slings
  8464 | D:8      | Reached skill level 5 in Bows
  8464 | D:8      | Reached skill level 5 in Throwing
  8464 | D:8      | Reached skill level 5 in Dodging
  8464 | D:8      | Reached skill level 5 in Stealth
  8464 | D:8      | Reached skill level 5 in Unarmed Combat
  8464 | D:8      | Reached skill level 5 in Spellcasting
  8521 | D:8      | Found a staircase to the Lair.
  8800 | D:8      | Found a shadowy altar of Dithmenos.
  8821 | D:8      | Reached *** piety under Cheibriados
  9029 | D:8      | Reached skill level 7 in Crossbows
  9029 | D:8      | Reached skill level 7 in Armour
  9112 | Lair:1   | Entered Level 1 of the Lair of Beasts
  9161 | Lair:1   | Noticed a spiny frog
  9166 | Lair:1   | Killed a spiny frog
  9530 | Lair:1   | HP: 15/76 [swamp worm (12)]
  9534 | Lair:1   | HP: 3/76 [swamp worm (15)]
  9535 | Lair:1   | Slain by a swamp worm

Vault maps used:
D:1:      onia_arrival_larder, roderic_roman_lattice
D:2:      first_ration
D:6:      minitemple, minmay_temple_entry_large_hall, st_stairs_5,
          dk_rats_in_the_wall, uniq_sigmund, uniq_edmund
D:7:      kennysheep_big_flooded_room, serial_glass, glass_columns_b,
          glass_columns_a, glass_columns_c, glass_columns_a, serial_shops,
          shop_statue, grunt_livestock, grunt_ministairs_15,
          hangedman_abyss_or_decor_stagger
D:8:      old_standard_altar, lair_entry_dummy
Temple:   compressed_dpeg_circular_temple
Lair:1:   worms_lemuel

Skill      XL: |  1  2  3  4  5  6  7  8  9 10 |
---------------+-------------------------------+-----
Necromancy     | 2 3 4 |  4.9
Invocations    | 1 2 3 4 5 |  5.8
Short Blades   | 1 2 3 4 5 |  5.2
Long Blades    | 1 2 3 4 5 |  5.2
Axes           | 1 2 3 4 5 |  5.2
Maces & Flails | 1 2 3 4 5 |  5.2
Polearms       | 1 2 3 4 5 |  5.2
Staves         | 1 2 3 4 5 |  5.2
Slings         | 1 2 3 4 5 |  5.2
Bows           | 1 2 3 4 5 |  5.2
Throwing       | 1 2 3 4 5 |  5.2
Dodging        | 1 2 3 4 5 |  5.2
Stealth        | 1 2 3 4 5 |  5.2
Unarmed Combat | 1 2 3 4 5 |  5.2
Spellcasting   | 1 2 3 4 5 |  5.2
Conjurations   | 1 2 3 4 |  4.3
Hexes          | 1 2 3 4 |  4.3
Charms         | 1 2 3 4 |  4.3
Summonings     | 1 2 3 4 |  4.3
Translocations | 1 2 3 4 |  4.3
Transmutations | 1 2 3 4 |  4.3
Ice Magic      | 1 2 3 4 |  4.3
Air Magic      | 1 2 3 4 |  4.3
Earth Magic    | 1 2 3 4 |  4.3
Poison Magic   | 1 2 3 4 |  4.3
Fighting       | 3 4 5 |  5.9
Shields        | 3 4 5 |  5.9
Fire Magic     | 4 5 |  5.8
Evocations     | 3 4 5 |  5.9
Crossbows      | 5 6 7 |  7.0
Armour         | 5 6 7 |  7.0

Action                   |  1- 3 |  4- 6 |  7- 9 | 10-12 || total
-------------------------+-------+-------+-------+-------++-------
Melee: Hand axe          |   143 |   109 |    46 |       ||   298
       Bite              |    19 |    16 |    21 |    23 ||    79
       Punch             |       |     2 |       |       ||     2
       Flail             |       |       |    37 |       ||    37
       War axe           |       |       |    50 |    97 ||   147
 Fire: Hand crossbow     |     4 |    68 |   205 |    77 ||   354
Throw: Stone             |       |       |     5 |       ||     5
Invok: Bend Time         |       |       |     1 |       ||     1
Evoke: Box of beasts     |       |       |       |     1 ||     1
  Use: Scroll            |     3 |     5 |     9 |     3 ||    20
       Potion            |       |       |     2 |     1 ||     3
 Stab: Sleeping          |     4 |       |       |       ||     4
  Eat: Chunk             |     3 |     8 |    11 |     3 ||    25
Armor: Robe              |    10 |       |       |       ||    10
       Ring mail         |    14 |       |       |       ||    14
       Scale mail        |    55 |    50 |    35 |       ||   140
       Chain mail        |       |       |    65 |       ||    65
       Plate armour      |       |       |    39 |    58 ||    97
Dodge: Dodged            |    71 |    52 |    81 |    53 ||   257
       Deflected         |       |       |     2 |       ||     2
Block: Buckler           |       |       |    62 |    41 ||   103

Table legend:
 A = Spawn XP
 B = Non-spawn XP
 C = Spawn XP percentage of total XP
 D = Spawn monster count
 E = Non-spawn monster count
 F = Spawn count percentage of total count
 G = Total turns spent on level
                    A         B        C        D         E        F      G
               +---------+---------+-------+---------+---------+-------+---------
         Total |       0 |    7062 |   0.0 |       0 |     194 |   0.0 |  9535
               +---------+---------+-------+---------+---------+-------+---------
           D:1 |       0 |      33 |   0.0 |       0 |      18 |   0.0 |   984
           D:2 |       0 |      42 |   0.0 |       0 |      20 |   0.0 |  1178
           D:3 |       0 |     160 |   0.0 |       0 |      28 |   0.0 |  1081
           D:4 |       0 |     402 |   0.0 |       0 |      14 |   0.0 |  1132
           D:5 |       0 |     518 |   0.0 |       0 |       8 |   0.0 |   870
           D:6 |       0 |    1097 |   0.0 |       0 |      28 |   0.0 |  1505
           D:7 |       0 |    2996 |   0.0 |       0 |      40 |   0.0 |  1542
           D:8 |       0 |    1304 |   0.0 |       0 |      25 |   0.0 |   720
        Lair:1 |       0 |     510 |   0.0 |       0 |      13 |   0.0 |   423
               +---------+---------+-------+---------+---------+-------+---------

Table legend:
 A = Turns spent in this place as a percentage of turns spent in the entire game.
 B = Non-inter-level travel turns spent in this place as a percentage of non-inter-level travel turns spent in the entire game.
 C = Inter-level travel turns spent in this place as a percentage of turns spent in this place.
 D = Turns resting spent in this place as a percentage of non-inter-level travel turns spent in this place.
 E = Turns spent auto-exploring this place as a percentage of non-inter-level travel turns spent in this place.
 F = Non-inter-level travel turns spent in this place divided by the number of levels of this place that you've seen.
                   A       B       C       D       E      F
               +-------+-------+-------+-------+-------+----------------------
         Total | 100.0 | 100.0 |   6.5 |  15.7 |  46.3 | 891.9
       Dungeon |  94.5 |  94.3 |   6.7 |  15.8 |  46.9 | 1051.1
        Temple |   1.0 |   1.0 |  13.0 |   0.0 |  83.9 |  87.0
          Lair |   4.4 |   4.7 |   0.0 |  16.8 |  27.2 | 423.0
               +-------+-------+-------+-------+-------+----------------------

Vault maps used:
D:1:      onia_arrival_larder, roderic_roman_lattice
D:2:      first_ration
D:6:      minitemple, minmay_temple_entry_large_hall, st_stairs_5,
          dk_rats_in_the_wall, uniq_sigmund, uniq_edmund
D:7:      kennysheep_big_flooded_room, serial_glass, glass_columns_b,
          glass_columns_a, glass_columns_c, glass_columns_a, serial_shops,
          shop_statue, grunt_livestock, grunt_ministairs_15,
          hangedman_abyss_or_decor_stagger
D:8:      old_standard_altar, lair_entry_dummy
Temple:   compressed_dpeg_circular_temple
Lair:1:   worms_lemuel
